 Seeded DCSS version 0.28.0-45-g0d030f2227 (webtiles) character file.

Game seed: 7398478755600371734 (custom seed)

140 zeratav the Chopper (level 5, 47/47 HPs)
             Began as a Minotaur Berserker on Apr 19, 2022.
             Was a Believer of Trog.
             Quit the game on level 3 of the Dungeon.
             The game lasted 00:03:51 (4297 turns).

zeratav the Chopper (Minotaur Berserker)            Turns: 4297, Time: 00:03:52

Health: 47/47      AC:  2    Str: 24    XL:     5   Next: 2%
Magic:  4/4        EV: 12    Int:  4    God:    Trog [**....]
Gold:   125        SH:  0    Dex:  9    Spells: 4/4 levels left

rFire   . . .      SeeInvis .   a - +0 hand axe {axe}
rCold   . . .      Faith    .   (no shield)
rNeg    . . .      Spirit   .   b - +0 animal skin
rPois   .          Reflect  .   (helmet restricted)
rElec   .          Harm     .   (no cloak)
rCorr   .          Rampage  .   (no gloves)
Will    .....                   (no boots)
Stlth   +.........              (no amulet)
HPRegen 0.15/turn               (no ring)
MPRegen 0.09/turn               (no ring)

@: no status effects
A: horns 2, retaliatory headbutt
a: Renounce Religion, Berserk, Trog's Hand


You were on level 3 of the Dungeon.
You worshipped Trog.
Trog was pleased with you.
You visited 1 branch of the dungeon, and saw 3 of its levels.

You collected 125 gold pieces.


Innate Abilities, Weirdness & Mutations

You have a pair of horns on your head.
You reflexively headbutt those who attack you in melee.


   Skills:
 + Level 4.6 Fighting
 * Level 5.5 Axes
 + Level 3.7 Armour
 - Level 2.1 Dodging


You had 4 spell levels left.
You didn't know any spells.
Your spell library contained the following spells:

 Spells                   Type           Power      Damage    Failure   Level
 Magic Dart               Conj           0%         1d3       50%         1
 Call Imp                 Summ           0%         N/A       65%         2
 Mephitic Cloud           Conj/Pois/Air  0%         N/A       86%         3

Inventory:

Hand Weapons
 a - a +0 hand axe (weapon) {axe}
 m - a +4 mace {mace}
   (You took it off an orc on level 3 of the Dungeon)
 s - a +1 dagger of venom {short}
   (You took it off an orc on level 3 of the Dungeon)
Armour
 b - a +0 animal skin (worn)
Jewellery
 q - a ring of ice
   (You found it on level 3 of the Dungeon)
Scrolls
 g - a scroll of identify {@r1}
 h - a scroll of amnesia
 n - 2 scrolls of immolation {!r!r}
Potions
 c - a potion of lignification {unknown}
 i - 2 potions of degeneration {unknown}
 k - 2 potions of ambrosia {unknown}
 o - a potion of flight {unknown}
 p - a potion of resistance {unknown}

Dungeon Overview and Level Annotations

Branches:
Dungeon (3/15)

Altars:

Shops:
D:1

* .# #.........# #.# .#
#.........# #.# .# ########'##
#.# .# #.# #.# .### #.# #.#
.'.# #.# #.# .### #.# #.# .#
############.############.#
.####...........@.............#
........†................>#####
#.###.##########.#############
#.###'## #.# #.# #.#....# #.#
#.# #.#....# ### #.# #.#....#
###### #.# #.#....# #....# #.#
#.#....# #.#### #.#


There were no monsters in sight!


Message History

An orc comes into view. It is wielding a +0 hand axe.
There is an open door here.
An orc comes into view. It is wielding a +0 club.
The orc shouts!
The orc closely misses you.
You barely miss the orc. You completely miss the orc. You slash the orc!
You closely miss the orc. The orc barely misses you.
The orc hits you with a +0 club. The orc closely misses you.
The orc hits you with a +0 club.
HP[-9]
You take 9 damage, and now have 32/41 hp.
MASSIVE DAMAGE!! (PAUSE)
You slash the orc!
You kill the orc!
Trog accepts your kill.
You barely miss the orc. You closely miss the orc. You hit the orc.
The orc barely misses you. x3
HP[+1]
You barely miss the orc. Your headbutt misses the orc.
You closely miss the orc. You hit the orc but do no damage.
The orc hits you but does no damage. x2; The orc barely misses you.
You furiously retaliate!
You headbutt the orc. You closely miss the orc. You hit the orc.
You kill the orc!
Trog accepts your kill.
You hit the orc but do no damage. The orc hits you but does no damage.
The orc misses you.
You hit the orc but do no damage. You hit the orc.
The orc hits you with a +0 short sword. The orc closely misses you.
HP[-1]
You take 1 damage, and now have 32/41 hp.
You completely miss the orc. You headbutt the orc.
You kill the orc!
Trog accepts your kill.
You hit the orc but do no damage. The orc hits you with a +0 short sword.
You have reached level 5!
HP[+2] MP[+1]
You now have 47 max hp (+6).
You regained 2 hp, and now have 34/47 hp.
Your mp is fully restored (4).
You slash the orc!
You kill the orc!
Trog accepts your kill.
Things that are here:
a +0 short sword {short}; a +0 ring mail You start resting.
HP[+13]
Your hp is fully restored (47).
You start waiting.
Done waiting.
Things that are here:
a +0 hand axe {axe}; an orc corpse
Things that are here:
a +0 club {mace}; an orc corpse
Things that are here:
a +0 club {mace}; an orc corpse
There is an open door here.
You see here a +0 dagger {short}.
You see here 23 stones {throwing}.
There is a stone staircase leading down here.
Done exploring.
Done exploring.
Done exploring.
As you read the scroll labelled BEYRPH KYMIACU, it crumbles to dust.
The air around you briefly surges with heat, but it dissipates.
It was a scroll of immolation.
As you read the scroll labelled ZUKHLE OMYNY, it crumbles to dust.
You feel strangely unstable.
It was a scroll of teleportation.
As you read the scroll labelled BUKHIAPALA, it crumbles to dust.
A profound silence engulfs you.
It was a scroll of silence.
Unknown command.
You start waiting.
Your surroundings suddenly seem different.
You start waiting.
Your hearing returns.
Done waiting.
As you read the scroll labelled BIR TEUBI LUOBOOST, it crumbles to dust.
You feel momentarily disoriented.
It was a scroll of magic mapping.
Unknown command.
As you read the scroll labelled QAROSU JISOD, it crumbles to dust.
It is a scroll of identify.
h - a scroll of amnesia
As you read the scroll labelled FEFRIO ONIPS, it crumbles to dust.
You hear a loud clanging noise!
It was a scroll of noise.
Unknown command.
As you read the scroll labelled MURGHI RYJOH, it crumbles to dust.
You assume a fearsome visage.
Nothing appears to happen.
It was a scroll of fear.
Unknown command.
Blink to where?
Press: ? - help, Dir - move target, f - you Are you sure you want to cancel this blink? [Y]es or [N]o only, please.
Are you sure you want to cancel this blink?
Okay, then.
As you read the scroll labelled AGIESO KEOS, it crumbles to dust.
It was a scroll of blinking.
Are you sure you want to abandon this character and quit the game? (Confirm with "yes".)

Skill      XL: |  1  2  3  4 |
---------------+-------------+-----
Axes           | 4 5 |  5.5
Fighting       | 4 |  4.6
Armour         | 3 |  3.7
Dodging        | |  2.1

Action                   |  1- 3 |  4- 6 || total
-------------------------+-------+-------++-------
Melee: Hand axe          |    79 |    42 ||   121
       Headbutt          |     8 |     7 ||    15
       Punch             |     1 |     1 ||     2
  Use: Scroll            |       |     8 ||     8
 Stab: Sleeping          |     1 |     1 ||     2
Armor: Animal skin       |    11 |     9 ||    20
Dodge: Dodged            |    44 |    29 ||    73

Levels and vault maps discovered:
D:1:      evilmike_arrival_plus, layout_basic, serial_shops,
          nicolae_diamond_shop, basic_ecumenical_altar, minmay_box_of_dots
D:2:      layout_loops_corners, chequers_serial_rivers_marsh, chequers_garden
D:3:      layout_basic, minivault_27

Notes
Turn   | Place    | Note
-------+----------+-------------------------------------------
     0 | D:1      | zeratav the Minotaur Berserker began the quest for the Orb.
     0 | D:1      | Reached XP level 1. HP: 19/19 MP: 0/0
     0 | D:1      | magus.rc [v1.9.6]
   231 | D:1      | Found Refaucue's General Store.
   530 | D:1      | Reached skill level 4 in Axes
   531 | D:1      | Reached XP level 2. HP: 12/27 MP: 1/1
   945 | D:1      | Found a faded altar of an unknown god.
  1404 | D:2      | Reached skill level 4 in Fighting
  1503 | D:2      | Reached skill level 3 in Armour
  1584 | D:2      | Reached XP level 3. HP: 28/33 MP: 2/2
  2343 | D:2      | Reached XP level 4. HP: 28/40 MP: 3/3
  2565 | D:2      | Reached ** piety under Trog
  2569 | D:2      | Reached skill level 5 in Axes
  3889 | D:3      | You pick up a book of Minor Magic {forbidden} and begin
                  | reading...
  3889 | D:3      | You add the spells Magic Dart, Call Imp and Mephitic Cloud
                  | to your library.
  3939 | D:3      | Reached XP level 5. HP: 34/47 MP: 4/4
  4297 | D:3      | Quit the game

Vanquished Creatures
  A bullfrog skeleton (D:3)
  4 adders (D:2)
  A worm (D:2)
  12 orcs (D:3)
  4 ball pythons
  2 bats
  8 endoplasms
  A giant cockroach (D:2)
  5 goblins
  5 hobgoblins
  5 kobolds
  2 quokkas
  4 frilled lizards
  5 rats
59 creatures vanquished.

Table legend:
 A = Non-vault XP
 B = Vault XP
 C = Vault XP percentage of total XP
 D = Non-vault monster count
 E = Vault monster count
 F = Vault count percentage of total count
                 A         B        C        D         E       F
            +---------+---------+-------+---------+---------+-------
      Total |     196 |       5 |   2.5 |      56 |       3 |   5.1
            +---------+---------+-------+---------+---------+-------
        D:1 |      21 |       5 |  19.2 |      12 |       3 |  20.0
        D:2 |      92 |       0 |   0.0 |      25 |       0 |   0.0
        D:3 |      83 |       0 |   0.0 |      19 |       0 |   0.0
            +---------+---------+-------+---------+---------+-------

Illustrated notes

Table legend:
 A = Kills in this place as a percentage of kills in entire the game.
 B = Kills by you in this place as a percentage of kills by you in the entire game.
 C = Kills by friends in this place as a percentage of kills by friends in the entire game.
 D = Other kills in this place as a percentage of other kills in the entire game.
 E = Experience gained in this place as a percentage of experience gained in the entire game.
 F = Experience gained in this place divided by the number of levels of this place that you have seen.
                   A       B       C       D       E      F
               +-------+-------+-------+-------+-------+----------------------
         Total | 100.0 | 100.0 |   N/A |   N/A | 100.0 |  67.0
       Dungeon | 100.0 | 100.0 |   N/A |   N/A | 100.0 |  67.0
               +-------+-------+-------+-------+-------+----------------------

Table legend: (Time is in decaauts)
 A = Elapsed time spent in this place.
 B = Non-inter-level travel time spent in this place.
 C = Inter-level travel time spent in this place.
 D = Time resting spent in this place.
 E = Time spent auto-exploring this place.
 F = Levels seen in this place.
 G = Mean time per level.
                   A        B        C        D        E       F      G
               +--------+--------+--------+--------+--------+-----+--------+
         Total |   4309 |   4229 |     80 |    838 |   3059 |   3 | 1436.3 |
       Dungeon |   4309 |   4229 |     80 |    838 |   3059 |   3 | 1436.3 |
               +--------+--------+--------+--------+--------+-----+--------+

Top non-repeatable levels by time:
     D:2: 2076 daAuts
     D:1: 1256 daAuts
     D:3: 976 daAuts
